Map: Eternal Empire LE

Players

Cure

  • Race: Terran Terran
  • Spawn Location: 1:00

TYTY (TY) - Winner!

  • Race: Terran Terran
  • Spawn Location: 7:00

Event: IEM Katowice 2020

VOD

Have the link to the VOD?

Description

Time

  • Played on: Feb. 28, 2020, 1:19 p.m.
  • Length: 20:38

All games in this series

Show
View Real Time Build Order
Export as new Build Order

Cure Terran 

Build Orders: Gas First Reaper Expand 

Get SALT Encoding   

  12  0:00  SCV  
  13  0:12  SCV  
  14  0:17  Supply Depot  
  14  0:25  SCV  
  14  0:27  Refinery  
  15  0:38  SCV  
  16  0:44  Barracks  
  16  0:50  SCV  
  17  1:02  SCV  
  18  1:14  SCV  
  19  1:31  Reaper, Orbital Command  
  20  1:45  Command Center  
  20  1:57  SCV  
  20  1:59  Factory  
  21  2:05  Reaper  
  22  2:10  Supply Depot  
  22  2:12  SCV  
  23  2:18  Refinery  
  23  2:30  SCV  
  22  2:38  Marine  
  22  2:42  SCV  
  22  2:43  Hellion  
  26  2:51  Supply Depot  
  26  2:54  SCV  
  26  2:56  Marine  
  28  3:06  SCV  
  28  3:09  Hellion  
  30  3:14  Marine  
  30  3:18  SCV  
  32  3:22  Starport  
  32  3:31  SCV  
  33  3:35  Barracks Tech Lab  
  33  3:36  Hellion  
  35  3:43  SCV  
  36  3:51  Orbital Command  
  36  3:55  SCV  
  37  3:57  Factory Tech Lab  
  37  3:59  Barracks Reactor  
  37  4:01  Refinery  
  37  4:07  SCV  
  41  4:14  Raven  
  40  4:18  SCV  
  40  4:19  SCV  
  40  4:20  Supply Depot  
  42  4:28  Command Center  
  42  4:31  SCV  
  42  4:34  SCV  
  44  4:41  Cyclone  
  44  4:43  SCV  
  48  4:46  SCV  
  48  4:47  Marine  
  48  4:48  Marine  
  48  4:49  Supply Depot  
  51  4:55  SCV  
  51  4:58  SCV  
  53  5:07  SCV  
  53  5:08  Starport Reactor  
  53  5:10  SCV  
  53  5:12  Barracks  
  55  5:14  Stimpack, Barracks  
  55  5:18  Siege Tank  
  55  5:20  SCV  
  59  5:22  SCV  
  59  5:23  Marine  
  59  5:27  Supply Depot  
  61  5:32  SCV  
  61  5:34  SCV  
  63  5:40  Orbital Command  
  63  5:41  Marine  
  64  5:44  SCV  
  64  5:46  SCV  
  66  5:52  Starport Reactor, Engineering Bay x2  
  66  5:56  Orbital Command  
  66  5:57  SCV  
  66  5:58  SCV  
  66  5:59  Marine  
  69  6:06  Refinery  
  69  6:10  SCV  
  69  6:11  SCV, Marine x4  
  71  6:12  Siege Tank  
  71  6:16  Marine  
  78  6:24  Supply Depot  
  78  6:25  Supply Depot, Terran Infantry Weapons Level 1  
  78  6:26  SCV x2, Terran Infantry Armor Level 1  
  80  6:34  Marine x5  
  84  6:40  Medivac x2  
  88  6:48  Orbital Command  
  88  6:52  SCV x2, Marine  
  91  6:56  Barracks  
  91  6:57  Combat Shield  
  91  6:58  Barracks  
  91  7:00  Marine x4  
  94  7:04  SCV x2  
  96  7:10  Marine  
  96  7:13  SCV  
  98  7:16  SCV x2  
  98  7:18  Marine x4  
  98  7:19  Siege Tank  
  107  7:26  SCV  
  107  7:28  Marine  
  109  7:30  Armory  
  109  7:34  SCV x2  
  109  7:35  Supply Depot x2  
  111  7:39  SCV  
  112  7:44  Sensor Tower  
  112  7:45  Barracks Reactor  
  112  7:46  Barracks Reactor, SCV x2  
  112  7:50  Marine x3  
  117  7:54  Marine  
  117  7:56  Marine  
  117  7:57  SCV  
  117  7:58  SCV x2  
  118  8:02  Missile Turret  
  118  8:05  Supply Depot x2  
  118  8:06  Medivac x2, Siege Tank  
  118  8:08  Marine  
  118  8:11  SCV x2  
  118  8:12  SCV, Marine x3  
  132  8:18  Marine  
  133  8:24  Marine x3  
  133  8:26  Marine x2  
  134  8:29  Marine  
  134  8:30  Marine x2, Terran Infantry Weapons Level 2  
  134  8:31  Terran Infantry Armor Level 2  
  126  8:35  SCV  
  126  8:36  SCV x2, Refinery x2, Marine  
  130  8:42  Marine x3  
  130  8:43  Marine, Siege Tank  
  130  8:44  Marine  
  130  8:47  Marine  
  139  8:52  Terran Vehicle Weapons Level 1, Supply Depot x2  
  139  8:59  Viking  
  141  9:02  Factory  
  141  9:05  Viking  
  143  9:11  Barracks Reactor  
  143  9:12  Command Center  
  143  9:16  Supply Depot x2  
  143  9:24  Marine x8  
  143  9:25  Siege Tank  
  143  9:30  Medivac  
  152  9:33  SCV x3  
  152  9:35  Medivac  
  157  9:45  Marine x6  
  147  9:46  Marine x2  
  147  9:49  Siege Tank  
  158  9:53  Supply Depot  
  158  9:55  Supply Depot  
  158  10:00  Viking  
  158  10:01  Marine x2  
  158  10:03  Marine x2  
  158  10:04  Viking  
  166  10:07  Marine x4  
  166  10:09  Siege Tank  
  171  10:21  Marine x2, Siege Tank  
  171  10:22  Marine x4  
  171  10:25  Marine x2  
  171  10:27  Missile Turret  
  182  10:41  Viking x2, Siege Tank  
  189  10:50  Refinery, Starport  
  189  10:52  Starport  
  189  10:53  Siege Tank  
  192  11:01  Fusion Core  
  192  11:03  Refinery  
  191  11:07  Sensor Tower  
  191  11:11  Viking x2  
  191  11:12  Planetary Fortress  
  194  11:19  Command Center  
  183  11:41  Viking x2  
  183  11:53  Marine x6, Siege Tank x2  
  183  11:54  Marine x2  
  189  12:00  Marine x2  
  191  12:01  Starport Tech Lab x2  
  191  12:02  Terran Infantry Weapons Level 3  
  191  12:11  Viking x2, Marine x2  
  194  12:26  Viking x2  
  183  12:34  Terran Infantry Armor Level 3  
  183  12:40  Terran Vehicle Weapons Level 2  
  181  12:48  Marine x4  
  181  12:49  Marine x4  
  189  12:55  Advanced Ballistics  
  189  12:56  Liberator  
  189  12:57  Orbital Command  
  191  13:01  Liberator x2  
  192  13:24  Liberator  
  192  13:25  Marine x6  
  198  13:36  Marine x2  
  199  13:55  Refinery  
  199  14:03  Corvid Reactor  
  190  14:32  Siege Tank x2  
  196  14:39  Raven x2  
  192  14:51  Marine x6  
  192  14:52  Marine x2  
  193  14:53  Marine x2  
  193  15:04  Siege Tank x2  
  199  15:09  Marine  
  191  15:21  Marine x2  
  191  15:22  Marine x2  
  191  15:27  Marine x3  
  191  15:28  Marine x3  
  165  15:56  Supply Depot x2  
  165  15:57  Supply Depot x2  
  165  15:59  Supply Depot x2  
  165  16:00  Supply Depot x2  
  163  16:09  Marine  
  163  16:10  Marine x3  
  157  16:11  Siege Tank  
  157  16:13  Marine x3  
  157  16:15  Siege Tank  
  157  16:17  Marine x3  
  160  16:23  Supply Depot  
  160  16:24  Supply Depot  
  159  16:27  Marine  
  159  16:28  Marine x3  
  159  16:30  Marine x3  
  166  16:35  Marine x3  
  169  16:43  Siege Tank  
  169  16:45  Marine  
  169  16:46  Marine x3  
  176  16:47  Siege Tank  
  176  16:48  Marine x3  
  176  16:53  Marine x3  
  175  16:55  Viking x3  
  179  17:03  Marine  
  179  17:04  Marine x3  
  179  17:06  Marine x3  
  183  17:11  Marine x3, Liberator  
  183  17:14  Orbital Command  
  188  17:18  Command Center  
  188  17:21  Marine x3  
  191  17:25  Liberator  
  194  17:36  Sensor Tower  
  194  17:45  Sensor Tower  
  194  17:51  Raven  
  194  17:52  Viking  
  198  18:04  Marine  
  198  18:16  Marine x2  
  198  18:17  Marine x3  
  173  18:24  Marine x3  
  148  18:32  Marine x2  
  144  18:34  Marine  
  144  18:37  Marine  
  129  18:42  Marine  
  88  19:13  Marine x6  
  91  19:33  Orbital Command  
  91  19:35  Marine x2  
  89  20:02  Marine x3  
  87  20:09  Marine  
Show
View Real Time Build Order
Export as new Build Order

TYTY Terran - Winner!

Build Orders:  

Get SALT Encoding   

  12  0:00  SCV  
  13  0:12  SCV  
  14  0:17  Supply Depot  
  14  0:24  SCV  
  15  0:40  Barracks  
  15  0:42  Refinery  
  15  0:45  SCV  
  16  0:59  Barracks  
  16  1:02  SCV  
  17  1:14  SCV  
  18  1:27  Reaper  
  18  1:28  Orbital Command  
  19  1:38  Supply Depot  
  19  1:47  Reaper  
  20  1:56  SCV  
  21  2:03  Reaper  
  21  2:08  SCV  
  23  2:21  Reaper  
  24  2:23  Command Center  
  24  2:30  SCV  
  25  2:41  Reaper  
  26  2:49  SCV  
  26  2:50  Refinery  
  26  2:57  Reaper  
  26  2:58  Supply Depot  
  27  3:01  SCV  
  28  3:13  SCV  
  28  3:14  Marine  
  30  3:26  SCV  
  31  3:32  Factory, Marine  
  33  3:35  Orbital Command  
  33  3:38  SCV  
  33  3:44  Bunker  
  33  3:50  SCV  
  33  3:55  Command Center  
  34  3:56  Barracks Reactor  
  34  4:02  SCV x2  
  36  4:14  SCV  
  36  4:16  Factory Tech Lab  
  37  4:17  Starport  
  37  4:18  SCV  
  37  4:19  Refinery  
  38  4:27  SCV  
  38  4:30  SCV  
  38  4:31  Engineering Bay  
  40  4:32  Marine x2  
  40  4:37  Cyclone  
  45  4:39  SCV  
  45  4:42  SCV  
  47  4:49  Supply Depot  
  47  4:50  Marine x2  
  49  4:53  Starport Tech Lab  
  49  4:54  SCV x2  
  51  5:02  Missile Turret  
  51  5:09  Cyclone  
  51  5:11  Orbital Command  
  51  5:12  Raven  
  51  5:13  SCV  
  57  5:16  SCV  
  57  5:18  Marine  
  59  5:21  Marine  
  59  5:26  SCV  
  61  5:29  Refinery  
  61  5:32  SCV  
  62  5:37  SCV  
  62  5:38  SCV  
  62  5:41  Siege Tank  
  67  5:46  Engineering Bay  
  67  5:51  SCV x2  
  67  5:54  Supply Depot  
  67  5:55  Raven  
  71  5:57  SCV  
  71  6:00  Marine x2  
  71  6:03  SCV  
  75  6:05  SCV, Supply Depot  
  75  6:07  Terran Infantry Weapons Level 1  
  75  6:10  SCV  
  77  6:16  SCV  
  77  6:17  SCV, Siege Tank  
  77  6:18  Marine  
  83  6:22  SCV  
  82  6:28  SCV  
  83  6:36  SCV  
  83  6:37  Orbital Command  
  83  6:44  SCV  
  80  6:49  Barracks, Siege Tank  
  80  6:50  Barracks  
  83  6:57  SCV x2  
  83  6:58  Viking  
  83  6:59  Viking  
  83  7:00  Stimpack, Marine  
  90  7:04  SCV  
  91  7:09  SCV, Supply Depot x2  
  91  7:11  SCV  
  91  7:16  SCV  
  91  7:17  Barracks  
  91  7:18  Marine  
  91  7:19  Barracks  
  93  7:30  Viking x2, SCV, Siege Tank  
  93  7:33  SCV, Refinery x2  
  93  7:36  Marine  
  103  7:38  Barracks Reactor  
  103  7:39  Barracks Reactor  
  103  7:41  Supply Depot, Sensor Tower  
  103  7:42  SCV, Supply Depot  
  103  7:43  Supply Depot  
  103  7:44  SCV  
  103  7:45  SCV  
  105  7:51  Supply Depot  
  105  7:53  Marine  
  105  7:54  Armory, SCV  
  108  8:02  Medivac  
  108  8:04  Supply Depot  
  108  8:05  Supply Depot x2  
  109  8:07  Barracks Reactor x2, SCV  
  109  8:08  SCV  
  109  8:11  Marine  
  112  8:13  SCV  
  112  8:14  Siege Tank  
  116  8:23  Marine  
  116  8:24  SCV x2  
  116  8:26  SCV  
  120  8:30  Supply Depot x2  
  120  8:32  Engineering Bay  
  120  8:33  Engineering Bay  
  119  8:35  Marine x3  
  119  8:36  Marine  
  119  8:38  Medivac  
  119  8:39  Medivac  
  119  8:40  Combat Shield  
  119  8:41  Marine  
  128  8:46  Marine x3  
  131  8:50  Siege Tank  
  131  8:54  Marine  
  131  8:55  Command Center, Marine x2  
  136  9:04  Marine x4  
  140  9:10  Marine x2  
  140  9:11  Viking  
  140  9:13  Terran Infantry Weapons Level 2  
  140  9:14  Factory  
  142  9:18  Terran Infantry Armor Level 1  
  142  9:20  Marine x3  
  142  9:21  Marine  
  142  9:22  Marine x2  
  142  9:23  Marine  
  147  9:28  Marine  
  147  9:29  Siege Tank  
  147  9:30  Marine  
  152  9:32  SCV x2  
  152  9:38  Marine x3  
  155  9:39  Marine x2  
  155  9:43  Marine x2  
  155  9:45  Marine  
  157  9:55  Marine, Liberator x2  
  157  9:56  Marine x2  
  157  9:57  Marine x2  
  168  10:01  Marine x2  
  168  10:03  SCV x3  
  168  10:06  Marine  
  173  10:12  Barracks Reactor  
  173  10:16  Siege Tank  
  173  10:18  Marine, Siege Tank  
  173  10:19  Marine x6  
  183  10:23  Supply Depot  
  183  10:24  Marine  
  182  10:29  SCV x3  
  185  10:36  Marine x3  
  185  10:39  Missile Turret  
  185  10:40  Supply Depot, Missile Turret  
  188  10:44  Viking x2, Marine x3  
  195  10:54  Marine  
  196  10:58  Supply Depot  
  196  11:01  SCV, Marine x3  
  200  11:11  Marine  
  200  11:14  Starport x2  
  200  11:20  Command Center  
  198  11:38  Viking  
  197  11:43  Supply Depot  
  197  11:44  Terran Infantry Armor Level 2  
  197  11:45  Terran Infantry Weapons Level 3  
  197  11:48  Viking  
  197  11:49  Siege Tank  
  197  11:54  Command Center  
  197  11:58  Starport Tech Lab  
  197  12:04  Siege Tank  
  197  12:07  Marine x3  
  197  12:08  Viking  
  199  12:11  SCV x2  
  194  12:29  Viking  
  180  12:32  Siege Tank  
  180  12:36  Siege Tank  
  177  12:44  Raven  
  177  12:48  Medivac  
  183  12:58  Starport Tech Lab  
  181  12:59  Medivac  
  183  13:12  Siege Tank x2  
  184  13:17  Orbital Command  
  184  13:18  Medivac, Marine  
  184  13:19  Marine x6  
  180  13:21  Marine  
  180  13:22  Marine x2  
  183  13:27  Raven  
  183  13:29  Medivac  
  184  13:42  Marine x8  
  184  13:45  Siege Tank  
  184  13:46  Siege Tank  
  184  13:47  Marine x2  
  197  14:07  Marine x3  
  197  14:09  Terran Infantry Armor Level 3  
  200  14:14  Command Center  
  200  14:17  Orbital Command  
  200  14:29  Siege Tank  
  199  14:45  Missile Turret x2  
  197  14:48  Marine  
  197  14:49  Marine x5  
  200  14:58  Raven  
  198  15:06  Raven  
  196  15:09  Marine  
  196  15:10  Command Center  
  196  15:22  SCV x2  
  196  15:24  Marine  
  196  15:25  Marine  
  186  15:32  Medivac x2  
  186  15:41  Raven  
  181  15:49  Raven  
  175  15:50  Marine  
  175  15:51  Marine x5  
  177  16:00  Orbital Command  
  177  16:10  Siege Tank  
  177  16:11  Medivac x2  
  179  16:12  SCV  
  179  16:13  SCV  
  178  16:21  Marine x9  
  178  16:24  Marine  
  188  16:29  Raven  
  188  16:37  Orbital Command  
  188  16:38  Marine  
  188  16:39  Marine  
  189  16:41  Supply Depot x2  
  189  16:44  Marine  
  189  16:46  Marine x2  
  189  16:47  Marine x2  
  187  16:48  Unknown  
  187  16:49  Marine x2  
  182  16:54  Marine  
  182  16:56  Marine  
  182  16:57  Marine  
  173  17:02  Siege Tank  
  173  17:05  Marine x5  
  173  17:06  Marine x2  
  183  17:12  Marine  
  183  17:14  SCV, Marine x2  
  183  17:15  SCV  
  189  17:16  Raven  
  189  17:20  Terran Vehicle Weapons Level 1  
  191  17:25  Marine x2  
  191  17:26  Marine x5  
  197  17:30  Marine  
  197  17:32  Marine  
  190  17:49  Missile Turret, Sensor Tower  
  190  17:51  Marine x6  
  190  17:53  Marine x3  
  190  17:54  Marine, Barracks  
  190  17:55  Barracks x2  
  200  17:59  Orbital Command  
  200  18:03  Missile Turret  
  200  18:14  Siege Tank  
  200  18:19  Marine x5  
  187  18:23  Marine  
  160  18:27  Marine x4  
  160  18:28  Raven  
  151  18:36  Marine  
  151  18:38  Marine  
  151  18:39  Marine x2  
  153  18:44  Marine x4  
  158  18:49  Medivac  
  158  18:54  Marine x3  
  158  18:55  Marine x2  
  154  19:05  Orbital Command  
  136  19:14  Marine x11  
  136  19:15  Marine x2  
  132  19:18  SCV  
  133  19:31  Marine  
  133  19:32  Marine x6  
  138  19:42  Marine  
  138  19:43  Marine x2  
  141  19:49  SCV  
  141  19:50  SCV  
  142  19:54  Orbital Command  
  142  19:56  Command Center  
  140  20:02  SCV  
  137  20:12  Marine  
  137  20:13  Marine x5  
  143  20:14  SCV x2  
  143  20:15  Marine x4  
  143  20:18  Marine  

Tags
 
Add a new tag
Caveats
  • Supply blocks, unpowered buildings, or Contaminate may cause inaccurate times.
  • Supply counts are checked every 10 seconds.